 Dungeon Crawl Stone Soup version 0.29.1-15-g9cfb28693d (webtiles) character file.

Game seed: 12453191137187379542

116 Libra00 the Ruffian (level 4, -2/45 HPs)
             Began as a Troll Fighter on June 5, 2023.
             Slain by Edmund
             ... wielding a +2 flail of protection
              (11 damage)
             ... on level 4 of the Dungeon.
             The game lasted 00:05:24 (2146 turns).

Libra00 the Ruffian (Troll Fighter)                 Turns: 2146, Time: 00:05:24

Health: -2/45      AC:  4    Str: 26    XL:     4   Next: 70%
Magic:  3/3        EV:  8    Int:  4    God:
Gold:   114        SH:  7    Dex:  9    Spells: 3/3 levels left

rFire   . . .      SeeInvis .     - Unarmed
rCold   . . .      Faith    .   b - +0 kite shield
rNeg    . . .      Spirit   .   a - +0 robe
rPois   .          Reflect  .   (helmet restricted)
rElec   .          Harm     .   (no cloak)
rCorr   .          Rampage  .   (gloves unavailable)
Will    .....                   (boots unavailable)
Stlth   +.........              (no amulet)
HPRegen 0.95/turn               (no ring)
MPRegen 0.08/turn               (no ring)

@: no status effects
A: large, unfitting armour, claws 3, regeneration 1, shaggy fur 1, tough skin 1
a: no special abilities


You were on level 4 of the Dungeon.
You visited 1 branch of the dungeon, and saw 4 of its levels.

You collected 114 gold pieces.

Inventory:

Armour
 a - a +0 robe (worn)
 b - a +0 kite shield (worn)
 n - an orb of wrath
Jewellery
 h - a ring of wizardry
Wands
 v - a wand of roots (4)
Scrolls
 d - 4 scrolls of identify {unknown}
 g - 2 scrolls of magic mapping {unknown}
 j - a scroll of brand weapon {unknown}
 l - a scroll of teleportation {unknown}
 m - a scroll of butterflies {unknown}
 q - a scroll of torment {unknown}
 s - a scroll of enchant armour {unknown}
 t - a scroll of blinking {unknown}
 u - a scroll of noise {unknown}
 w - a scroll of enchant weapon {unknown}
Potions
 c - a potion of might
 e - a potion of ambrosia {unknown}
 f - 3 potions of flight {unknown}
 i - a potion of magic {unknown}
 k - a potion of invisibility {unknown}
 o - a potion of lignification {unknown}
 p - a potion of curing
 r - a potion of mutation {unknown}


   Skills:
 + Level 3.0 Fighting
 - Level 2.4 Dodging
 + Level 3.4 Shields
 * Level 3.8 Unarmed Combat


You had 3 spell levels left.
You didn't know any spells.
Your spell library contained the following spells:

 Spells                   Type           Power      Damage    Failure   Level
 Beastly Appendage        Tmut           0%         N/A       80%         1
 Static Discharge         Conj/Air       0%         3-3/arc   90%         2
 Wereblood                Tmut           0%         N/A       90%         2
 Conjure Flame            Conj/Fire      0%         6-21      99%         3
 Ignite Poison            Fire/Tmut/Pois 0%         N/A       99%         3
 Spider Form              Tmut/Pois      0%         N/A       99%         3
 Sticky Flame             Conj/Fire      0%         2d3       100%        4
 Lightning Bolt           Conj/Air       0%         1d11      100%        5
 Maxwell's Capacitive Co  Air            0%         ∞         100%        8


Dungeon Overview and Level Annotations

Branches:
Dungeon (4/15)
 Temple: D:4-7

Altars:
Zin

Portals:
Ossuary: D:4

Annotations:
D:4 Edmund


Innate Abilities, Weirdness & Mutations

You are too large for most types of armour.
You have claws for hands.
Your natural rate of healing is unusually fast.
You are covered in fur. (AC +1)
You have tough skin. (AC +1)


Message History

You block Edmund's attack.
You scratch Edmund but do no damage.
Edmund is lightly wounded.
Edmund hits you with a +2 flail of protection!
You scratch Edmund but do no damage.
Edmund is lightly wounded.
Edmund hits you with a +2 flail of protection!
You scratch Edmund.
Edmund is lightly wounded.
Edmund hits you with a +2 flail of protection.
You scratch Edmund but do no damage.
Edmund is lightly wounded.
Edmund hits you with a +2 flail of protection.
* * * LOW HITPOINT WARNING * * *
You barely miss Edmund.
Edmund is lightly wounded.
You block Edmund's attack.
You scratch Edmund but do no damage.
Edmund is lightly wounded.
You block Edmund's attack.
You closely miss Edmund.
Edmund is lightly wounded.
Edmund hits you with a +2 flail of protection!
* * * LOW HITPOINT WARNING * * *
It was a potion of curing.
You feel better.
Edmund hits you with a +2 flail of protection!
* * * LOW HITPOINT WARNING * * *
You scratch Edmund but do no damage.
Edmund is lightly wounded.
You block Edmund's attack.
You claw Edmund!
Edmund is heavily wounded.
You block Edmund's attack.
You barely miss Edmund.
Edmund is heavily wounded.
Edmund barely misses you.
You claw Edmund!
Edmund is severely wounded.
Edmund hits you with a +2 flail of protection!
You die...

.. ... ...@
.#........#
..........#####
#.........@...###
#..........##...#
#..........####@## (
#..........#
##@.##....
#..........# #......#
#........<###.####....
##...†..#..##.# ###
######.#..8..#
#.......# ###8.∩.8#
#.....# #..8..#


You could see Edmund.

Vanquished Creatures
  A gnoll (D:1)
  5 adders
  2 dart slugs
  5 orcs (D:3)
  7 endoplasms
  2 giant cockroaches (D:2)
  6 goblins
  4 hobgoblins
  3 ball pythons
  4 bats
  2 frilled lizards (D:2)
  6 kobolds
  4 rats
51 creatures vanquished.

Notes
Turn   | Place    | Note
-------+----------+-------------------------------------------
     0 | D:1      | Libra00 the Troll Fighter began the quest for the Orb.
     0 | D:1      | Reached XP level 1. HP: 22/22 MP: 0/0
   203 | D:1      | Reached XP level 2. HP: 21/29 MP: 1/1
   799 | D:2      | Noticed a golden eye
   804 | D:2      | Found a faded altar of an unknown god.
   806 | D:2      | Noticed a great orb of eyes
   819 | D:2      | Noticed a shining eye
   819 | D:2      | Noticed a golden eye
   954 | D:2      | Reached XP level 3. HP: 35/36 MP: 2/2
  1065 | D:2      | Reached XP level 4. HP: 44/44 MP: 3/3
  1104 | D:2      | Found a glowing silver altar of Zin.
  2099 | D:4      | Found a sand-covered staircase.
  2121 | D:4      | Noticed Edmund
  2141 | D:4      | HP: 2/45 [Edmund/+2 flail of protection (13)]
  2146 | D:4      | Slain by Edmund

Illustrated notes

Levels and vault maps discovered:
D:1:      nzn_arrival_depleted_hourglass, layout_basic
D:2:      layout_basic, hellmonk_ecumenical_altar_watching_god, basic_altar,
          minmay_tromino_v7
D:3:      layout_loops_ring
D:4:      layout_rooms, nicolae_ossuary_entry_monument, uniq_edmund,
          uniq_blork_the_orc

Skill      XL: |  1  2  3  4 |
---------------+-------------+-----
Shields        | 3 |  3.4
Unarmed Combat | 3 |  3.8
Fighting       | 3 |  3.0
Dodging        | |  2.4

Action                   |  1- 3 |  4- 6 || total
-------------------------+-------+-------++-------
Melee: Unarmed           |    68 |    75 ||   143
  Use: Potion            |       |     1 ||     1
Armor: Robe              |    18 |    20 ||    38
Dodge: Dodged            |    23 |    25 ||    48
Block: Kite shield       |    20 |    27 ||    47
